 Dungeon Crawl Stone Soup version 0.25-a0-566-g062765be81 (webtiles) character file.

Game seed: 2188133955871020534, levelgen mode: deterministic

1642 kae the Jinx (level 8, -6/37 HPs)
             Began as a Felid Enchanter on Feb 27, 2020.
             Was a Follower of Dithmenos.
             Killed from afar by an orc wizard (7 damage)
             ... with a magic dart
             ... on level 7 of the Dungeon.
             The game lasted 00:12:35 (11403 turns).

kae the Jinx (Felid Enchanter)                     Turns: 11403, Time: 00:12:35

Health: -6/37      AC:  2    Str:  7    XL:     8   Next: 67%
Magic:  2/16       EV: 18    Int: 19    God:    Dithmenos [*.....]
Gold:   387        SH:  3    Dex: 16    Spells: 5/17 levels left
                                        Lives:  0   Deaths: 2

rFire    . . .     SeeInvis +     - Unarmed
rCold    . . .     Gourm    .   (shield unavailable)
rNeg     . . .     Faith    .   (armour unavailable)
rPois    +         Spirit   .   (helmet unavailable)
rElec    .         Reflect  +   (cloak unavailable)
rCorr    .         Harm     .   (gloves unavailable)
MR       +....                  (boots unavailable)
Stlth    +++++.....             d - +3 amulet of reflection
HPRegen  0.12/turn              g - ring of poison resistance
MPRegen  0.15/turn              n - +2 ring of intelligence

@: lethally poisoned (-6 -> -9), wreathed by umbra, quick
A: very small, no armour, no weapons or thrown items, stealth, claws 1, fangs 3,
see invisible, carnivore, speed 1, shaggy fur 2, slow metabolism 1, sharp paws
a: Renounce Religion


You were on level 7 of the Dungeon.
You worshipped Dithmenos.
Dithmenos was aware of your devotion.
You were very full.

You visited 2 branches of the dungeon, and saw 9 of its levels.
You also visited: Sewer.

You collected 387 gold pieces.

Inventory:

Jewellery
 d - a +3 amulet of reflection (around neck)
 f - an uncursed ring of protection from cold
 g - a ring of poison resistance (left paw)
 h - a cursed ring of teleportation {unknown}
 i - an uncursed ring of stealth
 n - a +2 ring of intelligence (right paw)
 o - an uncursed ring of flight {unknown}
 q - an uncursed amulet of rage
 s - an uncursed ring of flight {unknown}
Wands
 l - a wand of random effects (12)
 r - a wand of flame (10)
 t - a wand of iceblast (16)
Scrolls
 a - 4 scrolls of teleportation
 c - 2 scrolls of fog
 k - a scroll of amnesia
 p - a scroll of magic mapping
 u - a scroll of remove curse
 v - a scroll of summoning {unknown}
Potions
 e - 3 potions of stabbing
 j - a potion of haste
Comestibles
 b - 21 rations


   Skills:
 + Level 5.2 Fighting
 - Level 2.6 Dodging
 + Level 8.6 Stealth
 * Level 7.9 Unarmed Combat
 + Level 5.3 Spellcasting
 + Level 9.0 Hexes


You had 5 spell levels left.
You knew the following spells:

 Your Spells              Type           Power        Failure   Level  Hunger
a - Corona                Hex            #####..      1%          1    None
b - Ensorcelled Hibernat  Hex/Ice        ###...       2%          2    None
c - Confusing Touch       Hex            #####...     1%          3    ##.....
d - Tukima's Dance        Hex            #####...     1%          3    ##.....
e - Dazzling Flash        Conj/Hex       ###...       5%          3    ##.....

Your spell library contained the following spells:

 Spells                   Type           Power        Failure   Level  Hunger
 Gell's Gravitas          Tloc           #.........   36%         3    ##.....
 Metabolic Englaciation   Hex/Ice        ###.......   45%         5    #####..
 Yara's Violent Unravell  Hex/Tmut       ###.......   45%         5    #####..
 Petrify                  Tmut/Erth      #.......     77%         4    ####...


Dungeon Overview and Level Annotations

Branches:
Dungeon (8/15)             Temple (1/1) D:5           Sewer (visited)
   Lair: D:8-11

Altars:
Ashenzari
Cheibriados
Dithmenos
Elyvilon
Fedhas
Gozag
Hepliaklqana
Kikubaaqudgha
Makhleb
Nemelex Xobeh
Okawaru
Qazlal
Ru
Sif Muna
Trog
Uskayaw
Vehumet
Wu Jian
Xom
Yredelemnul
Zin
The Shining One

Annotations:
D:8 Prince Ribbit


Innate Abilities, Weirdness & Mutations

You cannot wear armour.
You are incapable of wielding weapons or throwing items.
Your paws allow you to move quietly. (Stealth)
You have sharp claws.
You have razor-sharp teeth.
You have supernaturally acute eyesight. (SInv)
You are carnivorous and can eat meat at any time.
You cover ground quickly.
You are covered in thick fur. (AC +2)
You have a slow metabolism.
Your sharp claws are effective at attacking unaware monsters.


Message History

* * * LOW HITPOINT WARNING * * *
You feel sick.
Casting: Ensorcelled Hibernation (safe; 2% risk of failure)
Confirm with . or Enter, or press ? or * to list all spells.
You don't have enough magic to cast that spell.
Casting: Ensorcelled Hibernation (safe; 2% risk of failure)
Confirm with . or Enter, or press ? or * to list all spells.
You don't have enough magic to cast that spell.
You claw the orc wizard!
The orc wizard is severely wounded.
The orc wizard casts a spell.
The orc wizard seems to speed up.
You closely miss the orc wizard.
The orc wizard is severely wounded.
The orc wizard barely misses you.
You scratch the orc wizard.
The orc wizard is severely wounded.
The orc wizard points at you and mumbles some strange words.
The magic dart hits you!
You die...

....#....#.....# #......
.#+.#....#.....# #######
.........#.....#
##.......#.....######
#.#.)....##.........#
#..#.)....#.........#
#...#.....#.........# #######
#####.....'.....o...# #......
...##[....#.....@...# #......
..........#.....)...#######......
...########.........<............
...##.....##########..)..........
...................#.............
...................#.............
.........[.........#.............
...................#.......####'#
...................#.......#.....


You could see an orc wizard.

Vanquished Creatures
  Grinder (D:5)
  Eustachio (D:6)
  A sky beast (D:7)
  An orc warrior (D:7)
  A hornet zombie (D:6)
  7 ogres
  A phantom (D:4)
  2 centaurs (D:5)
  4 big kobolds (Sewer)
  A bullfrog (D:4)
  2 scorpions
  6 killer bees (D:7)
  3 wights
  A crimson imp (D:5)
  2 hounds (D:7)
  2 orc priests (D:4)
  An iguana (D:4)
  3 orc wizards (D:4)
  4 worker ants
  2 hound skeletons (D:4)
  Robin (D:4)
  14 gnolls
  2 river rats (Sewer)
  11 adders
  2 shadow imps
  4 oozes
  12 worms
  3 dart slugs
  3 leopard geckos
  9 orcs
  3 giant cockroaches
  6 hobgoblins
  7 jackals
  3 quokkas
  3 ball pythons
  5 frilled lizards
  13 goblins
  A jackal zombie (D:5)
  4 kobolds
  8 rats
160 creatures vanquished.

Vanquished Creatures (collateral kills)
  A gnoll (D:7)
1 creature vanquished.

Vanquished Creatures (others)
  A quokka (D:7)
1 creature vanquished.

Grand Total: 162 creatures vanquished

Notes
Turn   | Place    | Note
-------+----------+-------------------------------------------
     0 | D:1      | kae the Felid Enchanter began the quest for the Orb.
     0 | D:1      | Reached XP level 1. HP: 7/7 MP: 4/4
   302 | D:1      | Reached XP level 2. HP: 12/12 MP: 6/6
   306 | D:1      | Learned a level 2 spell: Ensorcelled Hibernation
   801 | D:2      | Reached XP level 3. HP: 15/15 MP: 0/7
   967 | D:2      | Reached skill level 1 in Fighting
  1536 | D:3      | Reached skill level 5 in Hexes
  1536 | D:3      | Reached XP level 4. HP: 10/19 MP: 1/8
  1661 | D:3      | Slain by a jackal
  1662 | D:3      | Reached XP level 3. HP: 0/15 MP: 1/7
  1805 | D:3      | Reached XP level 4. HP: 15/19 MP: 5/8
  1903 | D:3      | Found a glowing drain.
  1976 | Sewer    | Entered a sewer
  2234 | Sewer    | Noticed a big kobold
  2257 | Sewer    | Killed a big kobold
  2257 | Sewer    | Reached skill level 5 in Stealth
  2257 | Sewer    | Reached XP level 5. HP: 3/22 MP: 2/10
  3009 | Sewer    | Learned a level 3 spell: Confusing Touch
  3013 | Sewer    | Learned a level 3 spell: Tukima's Dance
  3335 | Sewer    | Gained mutation: You are covered in thick fur. (AC +2)
                  | [Felid growth]
  3335 | Sewer    | Reached XP level 6. HP: 21/26 MP: 5/11
  3676 | Sewer    | Reached skill level 6 in Hexes
  4333 | D:4      | Reached XP level 7. HP: 30/30 MP: 11/13
  4772 | D:4      | HP: 1/30 [gnoll/+0 flail (13)]
  5587 | D:4      | Reached skill level 5 in Unarmed Combat
  5964 | D:4      | Reached skill level 7 in Hexes
  6390 | D:4      | Reached XP level 8. HP: 34/34 MP: 11/14
  6743 | D:4      | Noticed Robin
  6774 | D:4      | Killed Robin
  7274 | D:5      | Entered Level 5 of the Dungeon
  7363 | D:5      | Found a basalt altar of Yredelemnul.
  7451 | D:5      | Noticed Grinder
  7472 | D:5      | Killed Grinder
  7716 | D:5      | Found a staircase to the Ecumenical Temple.
  7885 | Temple   | Entered the Ecumenical Temple
  7960 | Temple   | Became a worshipper of Dithmenos the Shadowed
  8179 | D:6      | Reached skill level 8 in Hexes
  8653 | D:6      | Noticed Eustachio
  8662 | D:6      | Killed Eustachio
  8662 | D:6      | Reached XP level 9. HP: 39/39 MP: 8/17
  9748 | D:7      | Learned a level 3 spell: Dazzling Flash
 10173 | D:7      | Reached skill level 5 in Spellcasting
 10360 | D:7      | Reached skill level 5 in Fighting
 10379 | D:7      | HP: 3/60 [poisoned by a killer bee]
 10383 | D:7      | HP: 1/60 [poisoned by a killer bee]
 10392 | D:7      | Succumbed to a killer bee's poison
 10393 | D:7      | Reached XP level 8. HP: 0/55 MP: 2/16
 10529 | D:7      | Found a white marble altar of Elyvilon.
 10961 | D:7      | Reached skill level 9 in Hexes
 11150 | D:8      | Noticed Prince Ribbit
 11177 | D:7      | Reached * piety under Dithmenos
 11397 | D:7      | HP: 1/37 [orc wizard/magic dart (7)]
 11403 | D:7      | Killed from afar by an orc wizard

Levels and vault maps discovered:
D:1:      tarquinn_simple_flora_water_f, layout_loops_cross
D:2:      layout_loops_ring
D:3:      layout_rooms, cheibrodos_sewer_entry_bend
D:4:      layout_basic, uniq_robin
D:5:      layout_rooms, lemuel_temple_firewalk_a, basic_altar, first_ration,
          uniq_grinder
D:6:      layout_loops_ring, roderic_roman_lattice, uniq_eustachio
D:7:      layout_gridville, elyvilon_altar_4, hangedman_decor_diamond_cutter,
          grunt_ogre_cave
D:8:      layout_rooms, uniq_grum, uniq_prince_ribbit1, uniq_maurice,
          uniq_psyche
Temple:   dpeg_three_leaves_temple

Skill      XL: |  1  2  3  4  5  6  7  8  9 |
---------------+----------------------------+-----
Unarmed Combat | 2 3 4 5 7 |  7.9
Fighting       | 1 2 3 4 5 |  5.2
Hexes          | 5 6 7 9 |  9.0
Stealth        | 5 6 7 8 |  8.6
Spellcasting   | 3 4 5 |  5.3
Dodging        | |  2.6

Action                   |  1- 3 |  4- 6 |  7- 9 || total
-------------------------+-------+-------+-------++-------
Melee: Unarmed           |    85 |   156 |   246 ||   487
       Bite              |     5 |     7 |    19 ||    31
       Punch             |       |     3 |     2 ||     5
 Cast: Ensorcelled Hiber |    11 |    40 |   111 ||   162
       Corona            |     3 |     8 |     5 ||    16
       Confusing Touch   |       |       |    10 ||    10
       Tukima's Dance    |       |       |     4 ||     4
  Use: Scroll            |     6 |     3 |    11 ||    20
       Potion            |     1 |       |     6 ||     7
 Stab: Sleeping          |    24 |    31 |    55 ||   110
       Confused          |       |       |     8 ||     8
       Distracted        |       |       |     2 ||     2
  Eat: Chunk             |     3 |    14 |    22 ||    39
Armor: Skin              |     3 |     3 |    21 ||    27
Dodge: Dodged            |    53 |    99 |   235 ||   387
Block: Other             |       |       |     8 ||     8

Table legend:
 A = Non-vault XP
 B = Vault XP
 C = Vault XP percentage of total XP
 D = Non-vault monster count
 E = Vault monster count
 F = Vault count percentage of total count
                 A         B        C        D         E       F
            +---------+---------+-------+---------+---------+-------
      Total |    3197 |    1158 |  26.6 |     121 |      40 |  24.8
            +---------+---------+-------+---------+---------+-------
        D:1 |      29 |       0 |   0.0 |      10 |       0 |   0.0
        D:2 |      54 |       0 |   0.0 |      15 |       0 |   0.0
        D:3 |     108 |      16 |  12.9 |      22 |       3 |  12.0
        D:4 |    1062 |      31 |   2.8 |      27 |       9 |  25.0
        D:5 |     334 |     290 |  46.5 |      15 |       1 |   6.2
        D:6 |     356 |     196 |  35.5 |       7 |       1 |  12.5
        D:7 |    1254 |     118 |   8.6 |      25 |       1 |   3.8
      Sewer |       0 |     507 | 100.0 |       0 |      25 | 100.0
            +---------+---------+-------+---------+---------+-------
